 Dungeon Crawl Stone Soup version 0.31-a0-217-g58bb5d79cf (webtiles) character file.

Game seed: 13645764259182364757

93 qw the Shooter (level 4, -10/36 HPs)
             Began as a Minotaur Hexslinger on July 2, 2023.
             Killed from afar by Ijyb (19 damage)
             ... with a bolt of acid
             ... on level 3 of the Dungeon.
             The game lasted 00:00:54 (1571 turns).

qw the Shooter (Minotaur Hexslinger)                Turns: 1571, Time: 00:00:55

Health: -10/36     AC:  1    Str: 13    XL:     4   Next: 36%
Magic:  4/4        EV: 12    Int: 10    God:
Gold:   127        SH:  0    Dex: 14    Spells: 4/5 levels left

rFire   . . .        Y - +4 sling
rCold   . . .        (no shield)
rNeg    . . .        f - +0 leather armour
rPois   +            (helmet restricted)
rElec   .            (no cloak)
rCorr   .            j - +1 pair of gloves
SInv    .            (no boots)
Will    .....        (no amulet)
Stlth   +            k - ring of poison resistance
HPRegen 0.26/turn    (no ring)
MPRegen 0.09/turn

%: no passive effects
@: corroded
A: horns 2, retaliatory headbutt
a: no special abilities


You were on level 3 of the Dungeon.
You visited 1 branch of the dungeon, and saw 3 of its levels.

You collected 127 gold pieces.


Innate Abilities, Weirdness & Mutations

You have a pair of horns on your head.
You reflexively headbutt those who attack you in melee.


   Skills:
 - Level 2.0 Fighting
 + Level 4.9 Ranged Weapons
 - Level 2.1 Dodging
 - Level 1.0 Spellcasting
 - Level 2.0 Hexes


You had 4 spell levels left.
You knew the following spells:

 Your Spells              Type           Power      Damage    Failure   Level
a - Slow                  Hex            16%        N/A       19%         1

Your spell library contained the following spells:

 Spells                   Type           Power      Damage    Failure   Level
 Inner Flame              Hex/Fire       2%         N/A       65%         3
 Portal Projectile        Hex/Tloc       4%         N/A       65%         3
 Cause Fear               Hex            2%         N/A       88%         4

Inventory:

Hand Weapons
 Y - a +4 sling (weapon)
Armour
 f - a +0 leather armour (worn)
 j - a +1 pair of gloves (worn)
Jewellery
 k - a ring of poison resistance (left hand)
Scrolls
 c - a scroll of fear {unknown}
Potions
 a - a potion of heal wounds {unknown}
 b - a potion of might {unknown}
 d - a potion of invisibility {unknown}
 e - a potion of berserk rage {unknown}
 g - a potion of haste {unknown}
 i - 2 potions of curing

Dungeon Overview and Level Annotations

Branches:
Dungeon (3/15)

Altars:
Makhleb

Annotations:
D:3 Ijyb


Message History

Enter note:
Enter note:
Enter note:
Found 5 stones.
Enter note:
Enter note:
Enter note:
Enter note: A rat comes into view.
The rat moves out of view.
Enter note:
Enter note:
Enter note:
Enter note: Ijyb the Twisted Goblin comes into view.
She is wielding a +0 dagger and carrying a wand of acid (6).
Ijyb shouts!
You hear a shout!
A hobgoblin comes into view.
Enter note:
Enter note:
Enter note:
Enter note: You shoot a sling bullet.
The sling bullet closely misses the rat.
You shoot a sling bullet. The sling bullet hits the rat.
You kill the rat!
You shoot a sling bullet. The sling bullet hits Ijyb.
Ijyb is lightly wounded.
A rat comes into view.
You shoot a sling bullet. The sling bullet hits Ijyb.
Ijyb is lightly wounded.
You shoot a sling bullet. The sling bullet closely misses Ijyb.
Ijyb zaps a wand.
The bolt of acid hits you!
You shoot a sling bullet. The sling bullet hits Ijyb.
Ijyb is moderately wounded.
Ijyb zaps a wand.
The bolt of acid hits you! The acid corrodes you!
You shoot a sling bullet. The sling bullet hits Ijyb.
Ijyb is heavily wounded.
Ijyb zaps a wand.
The bolt of acid hits you!!
Ouch! That really hurt!
You die...

#...#### .......#
.......###### .
..######..... ..
#...<....# ...
####.....# ....
####.....### ....
...........#######r.#
####....#.......@g.###
#....#.####...g.(....
#....#.# #.#########
###.##.# #.#
..##...##.#
#.#####.#..# . #####.
##.#.## .. ).....
....######.# ####.
#.........#


You could see Ijyb, a hobgoblin and a rat.

Vanquished Creatures
  An adder (D:2)
  2 worms
  3 dart slugs
  2 orcs (D:3)
  3 endoplasms
  2 giant cockroaches
  7 hobgoblins
  3 jackals (D:2)
  4 kobolds
  6 quokkas
  7 ball pythons
  6 bats
  5 frilled lizards
  6 goblins
  10 rats
67 creatures vanquished.

Notes
Turn   | Place    | Note
-------+----------+-------------------------------------------
     0 | D:1      | qw the Minotaur Hexslinger began the quest for the Orb.
     0 | D:1      | Reached XP level 1. HP: 16/16 MP: 1/1
     0 | D:1      | 0 ||| qw: Version: 0.3-a-40-ge99b1a8
     0 | D:1      | 0 ||| qw: Game counter: 83
     0 | D:1      | 0 ||| qw: Melee chars always use a shield: true
     0 | D:1      | 0 ||| qw: God list: Okawaru
     0 | D:1      | 0 ||| qw: Allow faded altars: false
     0 | D:1      | 0 ||| qw: Do Orc after clearing Dungeon:15 true
     0 | D:1      | 0 ||| qw: Do second Lair branch before Depths: true
     0 | D:1      | 0 ||| qw: Lair rune preference: random
     0 | D:1      | 0 ||| qw: Goals: Normal
     0 | D:1      | 0 ||| PLANNING D:1-11
   120 | D:1      | Reached skill level 3 in Ranged Weapons
   123 | D:1      | Reached XP level 2. HP: 9/23 MP: 2/2
   132 | D:1      | 132 ||| FLEEEEING.
   133 | D:1      | 133 ||| FLEEEEING.
   134 | D:1      | 134 ||| FLEEEEING.
   135 | D:1      | 135 ||| FLEEEEING.
   149 | D:1      | 149 ||| FLEEEEING.
   150 | D:1      | 150 ||| FLEEEEING.
   151 | D:1      | 151 ||| FLEEEEING.
   158 | D:1      | 158 ||| FLEEEEING.
   159 | D:1      | 159 ||| FLEEEEING.
   160 | D:1      | 160 ||| FLEEEEING.
   161 | D:1      | 161 ||| FLEEEEING.
   165 | D:1      | 165 ||| FLEEEEING.
   561 | D:1      | 561 ||| UPGRADING to +0 leather armour.
   571 | D:1      | 571 ||| DROPPING +0 robe.
   572 | D:1      | 572 ||| UPGRADING to +1 pair of gloves.
   577 | D:1      | 577 ||| UPGRADING to ring of poison resistance.
   578 | D:1      | 578 ||| READING scroll labelled UHAOCZ NOWISA.
   579 | D:1      | 579 ||| READING 2 scrolls labelled KUNLEBRUGOM.
   580 | D:1      | 580 ||| DROPPING scroll of poison.
   581 | D:1      | 581 ||| DROPPING scroll of blinking.
   605 | D:2      | 605 ||| STAIRDANCE
   614 | D:1      | Reached XP level 3. HP: 9/29 MP: 3/3
   793 | D:2      | Reached skill level 4 in Ranged Weapons
  1095 | D:2      | Found a faded altar of an unknown god.
  1103 | D:2      | Reached XP level 4. HP: 36/36 MP: 4/4
  1295 | D:2      | 1295 ||| READING 3 scrolls labelled RUDWOIV DEELIS.
  1296 | D:2      | 1296 ||| READING 2 scrolls of enchant weapon.
  1296 | D:2      | 1296 ||| ENCHANTING +2 sling.
  1297 | D:2      | 1297 ||| READING scroll of enchant weapon.
  1297 | D:2      | 1297 ||| ENCHANTING +3 sling.
  1298 | D:2      | 1298 ||| READING scroll labelled COCUNI BIQU.
  1372 | D:3      | 1372 ||| FLEEEEING.
  1373 | D:3      | 1373 ||| FLEEEEING.
  1375 | D:3      | 1375 ||| FLEEEEING.
  1376 | D:3      | 1376 ||| FLEEEEING.
  1377 | D:3      | 1377 ||| FLEEEEING.
  1378 | D:3      | 1378 ||| STAIRDANCE
  1521 | D:3      | Found a burning altar of Makhleb.
  1564 | D:3      | Noticed Ijyb
  1570 | D:3      | HP: 9/36 [Ijyb/bolt of acid (12)]
  1571 | D:3      | Killed from afar by Ijyb

Levels and vault maps discovered:
D:1:      tarquinn_simple_flora_water_f, layout_rooms, minmay_small_reverse_x
D:2:      layout_rooms, nicolae_ecumenical_snake_handling
D:3:      layout_rooms, nicolae_wu_jian_glorious_leap,
          mainiacjoe_overflow_24_doors, minmay_close_crescents, uniq_natasha,
          uniq_ijyb

Skill      XL: |  1  2  3 |
---------------+----------+-----
Ranged Weapons | 3 4 |  4.9
Fighting       | 2 |  2.0
Dodging        | |  2.1
Spellcasting   | |  1.0
Hexes          | |  2.0

Action                     |  1- 3 |  4- 6 || total
---------------------------+-------+-------++-------
   Fire: Sling             |   147 |    45 ||   192
    Use: Scroll            |     2 |     4 ||     6
 Armour: Robe              |     7 |       ||     7
         Leather armour    |    19 |     3 ||    22
  Dodge: Dodged            |    58 |    11 ||    69

Table legend:
 A = Non-vault XP
 B = Vault XP
 C = Vault XP percentage of total XP
 D = Non-vault monster count
 E = Vault monster count
 F = Vault count percentage of total count
                 A         B        C        D         E       F
            +---------+---------+-------+---------+---------+-------
      Total |     111 |      22 |  16.5 |      56 |      11 |  16.4
            +---------+---------+-------+---------+---------+-------
        D:1 |      32 |       7 |  17.9 |      20 |       4 |  16.7
        D:2 |      57 |       6 |   9.5 |      25 |       4 |  13.8
        D:3 |      22 |       9 |  29.0 |      11 |       3 |  21.4
            +---------+---------+-------+---------+---------+-------
